 Dungeon Crawl Stone Soup version 0.31-a0-1178-gc5c9b8f871 (webtiles) character file.

Game seed: 16308849588045228978

5615 qw the Skirmisher (level 10, -2/66 HPs)
             Began as a Gargoyle Hunter on Dec 11, 2023.
             Slain by a komodo dragon (3 damage)
             ... on level 9 of the Dungeon.
             The game lasted 00:02:14 (6449 turns).

qw the Skirmisher (Gargoyle Hunter)                 Turns: 6449, Time: 00:02:14

Health: -2/66      AC: 18    Str: 15    XL:     10   Next: 73%
Magic:  10/10      EV: 12    Int: 10    God:
Gold:   470        SH:  0    Dex: 17    Spells: 9/9 levels left

rFire   . . .        e - +5 longbow (heavy)
rCold   . . .        (shield currently unavailable)
rNeg    + + .        k - +2 ring mail {rPois}
rPois   inf          (no helmet)
rElec   +            (no cloak)
rCorr   .            j - +2 pair of gloves
SInv    .            (no boots)
Will    .....        (no amulet)
Stlth   +            b - ring of positive energy
HPRegen 0.31/turn    (no ring)
MPRegen 0.12/turn

%: no passive effects
@: no status effects
A: sickness immunity, AC +7, negative energy resistance 1, electricity
resistance, torment resistance 1, petrification resistance
a: no special abilities


You were on level 9 of the Dungeon.
You visited 2 branches of the dungeon, and saw 10 of its levels.

You collected 470 gold pieces.


Innate Abilities, Weirdness & Mutations

You are immune to sickness and miasma.
Your stone body is resilient. (AC +7)
You are immune to poison.
You resist negative energy. (rN+)
You are resistant to electric shocks. (rElec)
You are resistant to unholy torment.
You are immune to petrification.


   Skills:
 - Level 9.0 Fighting
 - Level 13.0 Ranged Weapons
 - Level 3.1 Armour
 + Level 3.9 Dodging
 - Level 1.1 Stealth


You had 9 spell levels left.
You didn't know any spells.
Your spell library was empty.

Inventory:

Hand Weapons
 e - a +5 heavy longbow (weapon)
Armour
 j - a +2 pair of gloves (worn)
 k - a +2 ring mail of poison resistance (worn)
Jewellery
 b - a ring of positive energy (left hand)
 i - a ring of fire
 n - a ring of ice
Wands
 c - a wand of roots (8)
Scrolls
 o - 4 scrolls of teleportation
Potions
 a - a potion of enlightenment
 d - a potion of mutation
 g - 3 potions of curing
 l - a potion of haste
 m - a potion of cancellation
 p - a potion of brilliance {unknown}
 q - a potion of might {unknown}

Dungeon Overview and Level Annotations

Branches:
Dungeon (9/15)             Temple (1/1) D:7
   Lair: D:8-11         Orc: D:9-12

Altars:
Ashenzari
Cheibriados
Dithmenos
Elyvilon
Fedhas
Gozag
Hepliaklqana
Kikubaaqudgha
Makhleb
Nemelex Xobeh
Qazlal
Ru
Sif Muna
Trog
Uskayaw
Vehumet
Wu Jian
Xom
Yredelemnul
Zin
The Shining One


Message History

You shoot an arrow. The arrow hits the water moccasin!!
You kill the water moccasin!
The bullfrog hits you but does no damage. x2
A white imp comes into view.
You shoot an arrow. The white imp shouts!
The arrow hits the bullfrog!!!
You kill the bullfrog!
You shoot an arrow. The arrow hits the yak!!
The yak is almost dead.
You hear an angry hiss.
You hear a shout!
The white imp gestures at you. The puff of frost hits you!
The yak barely misses you. The white imp gestures at you.
The puff of frost hits you! The yak gores you.
You shoot an arrow. The arrow hits the yak!!!
You kill the yak!
The white imp gestures at you.
The puff of frost hits you but does no damage.
You shoot an arrow.
The arrow hits the white imp but does no damage.
You shoot an arrow. The arrow closely misses the white imp.
The white imp grins evilly.
The komodo dragon barely misses you.
You shoot an arrow. The arrow hits the komodo dragon!!
The komodo dragon is heavily wounded.
The komodo dragon bites you! The white imp gestures at you.
The puff of frost misses you.
You shoot an arrow.
The arrow completely misses the komodo dragon.
The komodo dragon bites you! The white imp barely misses you.
The komodo dragon closely misses you.
You shoot an arrow. The arrow hits the komodo dragon!
The komodo dragon is severely wounded.
The white imp gestures at you.
The puff of frost hits you but does no damage.
The komodo dragon bites you!! The white imp closely misses you.
The komodo dragon bites you.
You die...

. .. #. #. #
#####.######.#+P..
...........l..)....
.>........5@#.......
#........%)#.#...PP.P
#..........#.#.....PP
#..........#.+....PPP
#.....)....###...PPPP
'..........# ......F
#..}..)....# .P..Y..
#..........#
#..........#


You could see a komodo dragon and a white imp.

Vanquished Creatures
  A boulder beetle (D:8)
  Pikel (D:6)
  An unseen horror (D:8)
  Eustachio (D:6)
  5 yaks (D:9)
  Edmund (D:4)
  An acid dragon (D:8)
  4 water moccasins
  An orc warrior (D:7)
  2 black bears
  A sky beast (D:8)
  3 centaurs
  2 lemures (D:6)
  Blork the orc (D:4)
  A kobold brigand (D:8)
  A gnoll sergeant (D:7)
  5 bullfrogs
  2 scorpions (D:5)
  9 wights
  5 killer bees (D:8)
  2 howler monkeys
  2 hounds
  A jelly (D:7)
  A gnoll bouda (D:8)
  6 orc priests
  An iguana (D:5)
  2 sleepcaps (D:5)
  Natasha (thrice) (D:4)
  5 orc wizards
  3 gnolls (D:7)
  7 adders
  A shadow imp (D:6)
  4 white imps
  5 ufetubi
  4 dart slugs
  27 orcs
  3 ball pythons
  9 bats
  4 endoplasms
  2 giant cockroaches
  4 goblins
  6 hobgoblins
  3 jackals (D:4)
  5 quokkas
  3 frilled lizards
  8 kobolds
  4 rats
173 creatures vanquished.

Notes
Turn   | Place    | Note
-------+----------+-------------------------------------------
     0 | D:1      | qw the Gargoyle Hunter began the quest for the Orb.
     0 | D:1      | Reached XP level 1. HP: 12/12 MP: 1/1
     0 | D:1      | 0 ||| qw: Version: 0.3-a-106-g2cfff9e
     0 | D:1      | 0 ||| qw: Game counter: 1957
     0 | D:1      | 0 ||| qw: Melee chars always use a shield: true
     0 | D:1      | 0 ||| qw: God list: Okawaru
     0 | D:1      | 0 ||| qw: Allow faded altars: false
     0 | D:1      | 0 ||| qw: Do Orc after clearing Dungeon:15 true
     0 | D:1      | 0 ||| qw: Do second Lair branch before Depths: true
     0 | D:1      | 0 ||| qw: Lair rune preference: random
     0 | D:1      | 0 ||| qw: Goals: Normal, Save, Zot:1-4, Win
     0 | D:1      | 0 ||| PLANNING D:1-11
   175 | D:1      | Reached XP level 2. HP: 17/17 MP: 2/2
   256 | D:1      | You fall into a shaft and drop 1 floor!
   277 | D:2      | 277 ||| READING 2 scrolls labelled DESISATUGU.
   277 | D:2      | 277 ||| IDENTIFYING green potion
   278 | D:2      | 278 ||| READING scroll of identify.
   278 | D:2      | 278 ||| IDENTIFYING scroll labelled ANODUNT QAANI
   279 | D:2      | 279 ||| READING scroll labelled OXZAIS QUGROO.
   279 | D:2      | Identified a scroll of acquirement
   279 | D:2      | 279 ||| 279 ||| Offered +5 longbow of flaming
   279 | D:2      | 279 ||| 279 ||| Offered staff of conjuration
   279 | D:2      | 279 ||| 279 ||| Offered ring "Uwai" {rElec Will+ Str+3}
   279 | D:2      | 279 ||| 279 ||| Offered 819 gold pieces
   279 | D:2      | 279 ||| ACQUIRING +5 longbow of flaming
   279 | D:2      | Acquired a +5 longbow of flaming
   281 | D:2      | 281 ||| SWAPPING to +5 longbow of flaming.
   282 | D:2      | 282 ||| DROPPING +0 shortbow.
   283 | D:2      | 283 ||| DROPPING scroll of butterflies.
   284 | D:2      | 284 ||| DROPPING scroll of revelation.
   291 | D:2      | 291 ||| FLEEEEING.
   292 | D:2      | 292 ||| FLEEEEING.
   293 | D:2      | 293 ||| FLEEEEING.
   294 | D:2      | 294 ||| STAIRDANCE
   314 | D:1      | Reached XP level 3. HP: 21/21 MP: 3/3
   401 | D:1      | Reached skill level 5 in Ranged Weapons
   611 | D:1      | Found a faded altar of an unknown god.
  1135 | D:2      | 1135 ||| UPGRADING to +0 ring mail.
  1145 | D:2      | 1145 ||| DROPPING +0 leather armour.
  1146 | D:2      | 1146 ||| READING 2 scrolls of identify.
  1146 | D:2      | 1146 ||| IDENTIFYING blue potion
  1147 | D:2      | 1147 ||| READING scroll of identify.
  1147 | D:2      | 1147 ||| IDENTIFYING scroll labelled URUKHL DEUWAUFA
  1148 | D:2      | 1148 ||| READING scroll labelled HOCYIKA JUCSEA.
  1149 | D:2      | 1149 ||| DROPPING potion of attraction.
  1150 | D:2      | 1150 ||| DROPPING scroll of immolation.
  1357 | D:3      | Reached skill level 1 in Armour
  1493 | D:3      | Reached XP level 4. HP: 27/27 MP: 4/4
  1547 | D:3      | Reached skill level 3 in Fighting
  1595 | D:3      | 1595 ||| READING scroll labelled YQESOU ESOST.
  1696 | D:3      | 1696 ||| READING scroll labelled JEXIPSOTAK.
  1862 | D:4      | Noticed Blork the orc
  1868 | D:4      | Killed Blork the orc
  1869 | D:4      | Reached XP level 5. HP: 32/32 MP: 5/5
  2067 | D:4      | Reached skill level 6 in Ranged Weapons
  2166 | D:4      | Found a shadowy altar of Dithmenos.
  2341 | D:4      | Reached XP level 6. HP: 38/38 MP: 6/6
  2529 | D:4      | Noticed Edmund
  2538 | D:4      | HP: 9/38 [Edmund/+1 flail of protection (5)]
  2539 | D:4      | 2539 ||| DRINKING ruby potion.
  2543 | D:4      | Killed Edmund
  2544 | D:4      | Reached skill level 7 in Ranged Weapons
  2554 | D:4      | Noticed Natasha
  2554 | D:4      | 2554 ||| FLEEEEING.
  2558 | D:4      | Killed Natasha
  2706 | D:4      | Noticed Natasha
  2708 | D:4      | Killed Natasha
  2737 | D:4      | Reached XP level 7. HP: 40/43 MP: 7/7
  2895 | D:4      | 2895 ||| UPGRADING to +1 ring mail of poison resistance.
  2905 | D:4      | 2905 ||| DROPPING +0 ring mail.
  2906 | D:4      | 2906 ||| UPGRADING to ring of positive energy.
  2907 | D:4      | 2907 ||| READING scroll labelled TAULYZIOLE.
  2909 | D:4      | Noticed Natasha
  2912 | D:4      | Killed Natasha
  2915 | D:4      | 2915 ||| READING 3 scrolls labelled XUDDADWIGO.
  2916 | D:4      | 2916 ||| DRINKING 2 dark potions.
  2917 | D:4      | 2917 ||| DROPPING potion of degeneration.
  2918 | D:4      | 2918 ||| DROPPING 2 scrolls of summoning.
  2964 | D:5      | Entered Level 5 of the Dungeon
  3017 | D:5      | Found a broken altar of Ashenzari.
  3023 | D:5      | Reached skill level 8 in Ranged Weapons
  3657 | D:5      | 3657 ||| READING scroll of identify.
  3657 | D:5      | 3657 ||| IDENTIFYING golden potion
  3658 | D:5      | 3658 ||| READING scroll labelled EZEKAQE LANUS.
  3658 | D:5      | 3658 ||| ENCHANTING +1 ring mail of poison resistance.
  3659 | D:5      | 3659 ||| DRINKING 2 purple potions.
  3740 | D:6      | Reached XP level 8. HP: 27/49 MP: 8/8
  3749 | D:6      | 3749 ||| FLEEEEING.
  3750 | D:6      | 3750 ||| FLEEEEING.
  3751 | D:6      | 3751 ||| FLEEEEING.
  3752 | D:6      | 3752 ||| FLEEEEING.
  3753 | D:6      | 3753 ||| FLEEEEING.
  3756 | D:6      | 3756 ||| FLEEEEING.
  3757 | D:6      | 3757 ||| FLEEEEING.
  3760 | D:6      | 3760 ||| STAIRDANCE
  3966 | D:6      | Noticed Eustachio
  3967 | D:6      | 3967 ||| RETREEAATING.
  3968 | D:6      | 3968 ||| STILL RETREEAATING.
  3973 | D:6      | Noticed Pikel
  3979 | D:6      | Killed Pikel
  3980 | D:6      | Reached skill level 10 in Ranged Weapons
  3980 | D:6      | Killed Eustachio
  4010 | D:6      | Reached XP level 9. HP: 55/55 MP: 9/9
  4018 | D:6      | Reached skill level 6 in Fighting
  4200 | D:6      | Found a hazy altar of Hepliaklqana.
  4201 | D:6      | Found a shimmering altar of Xom.
  4202 | D:6      | Noticed a spectral ugly thing
  4494 | D:6      | 4494 ||| UPGRADING to +0 pair of gloves.
  4499 | D:6      | 4499 ||| READING 2 scrolls labelled DIUZ WIW OCHOU.
  4500 | D:6      | 4500 ||| DROPPING wand of flame (30).
  4501 | D:6      | 4501 ||| DROPPING scroll of fog.
  4539 | D:7      | 4539 ||| READING 2 scrolls of enchant armour.
  4539 | D:7      | 4539 ||| ENCHANTING +0 pair of gloves.
  4540 | D:7      | 4540 ||| READING scroll of enchant armour.
  4540 | D:7      | 4540 ||| ENCHANTING +1 pair of gloves.
  4553 | D:7      | Found a glowing golden altar of the Shining One.
  4584 | D:7      | 4584 ||| Stepping ~*~*~tactically~*~*~ (retreating).
  4811 | D:7      | Found a staircase to the Ecumenical Temple.
  4812 | D:7      | 4812 ||| PLANNING TEMPLE
  4812 | D:7      | 4812 ||| READING scroll labelled HIDWYE GANTAUFF.
  4812 | D:7      | 4812 ||| BRANDING +5 longbow of flaming.
  4820 | Temple   | Entered the Ecumenical Temple
  4821 | Temple   | 4821 ||| PLANNING D:1-11
  4901 | D:7      | Reached skill level 11 in Ranged Weapons
  4918 | D:7      | Reached skill level 3 in Dodging
  5102 | D:7      | 5102 ||| READING scroll of identify.
  5102 | D:7      | 5102 ||| IDENTIFYING silvery potion
  5103 | D:7      | 5103 ||| DROPPING potion of lignification.
  5172 | D:8      | Reached skill level 3 in Armour
  5318 | D:8      | Found a snail-covered altar of Cheibriados.
  5318 | D:8      | Found an opulent altar of Gozag.
  5355 | D:8      | 5355 ||| Stepping ~*~*~tactically~*~*~ (retreating).
  5415 | D:8      | Killed an unseen horror
  5416 | D:8      | Reached XP level 10. HP: 60/64 MP: 10/10
  5814 | D:8      | Reached skill level 12 in Ranged Weapons
  5897 | D:8      | Noticed a boulder beetle
  5946 | D:8      | HP: 13/64 [boulder beetle (8)]
  5947 | D:8      | 5947 ||| READING 5 scrolls of teleportation.
  5947 | D:8      | HP: 6/64 [boulder beetle (7)]
  5950 | D:8      | Killed a boulder beetle
  6239 | D:8      | 6239 ||| READING 2 scrolls of identify.
  6239 | D:8      | 6239 ||| IDENTIFYING puce potion
  6240 | D:8      | 6240 ||| READING scroll of identify.
  6240 | D:8      | 6240 ||| IDENTIFYING sapphire potion
  6241 | D:8      | 6241 ||| DRINKING 2 white potions.
  6242 | D:8      | 6242 ||| DROPPING potion of magic.
  6264 | D:9      | Reached skill level 13 in Ranged Weapons
  6264 | D:9      | 6264 ||| FLEEEEING.
  6419 | D:9      | Reached skill level 9 in Fighting
  6430 | D:9      | 6430 ||| RETREEAATING.
  6432 | D:9      | 6432 ||| RETREEAATING.
  6435 | D:9      | 6435 ||| Stepping ~*~*~tactically~*~*~ (retreating).
  6449 | D:9      | HP: 1/66 [komodo dragon (23)]
  6449 | D:9      | Slain by a komodo dragon

Levels and vault maps discovered:
D:1:      dpeg_arrival_stonehenge_12_columns, layout_basic,
          hellmonk_ecumenical_altar_prayer_group, minivault_27
D:2:      layout_basic
D:3:      layout_rooms
D:4:      layout_basic, grunt_dithmenos_smoke, uniq_natasha, uniq_blork_the_orc,
          uniq_edmund
D:5:      layout_basic, ashenzari_conservatory_becter
D:6:      layout_loops_ring, regret_index_temple_of_mockery, uniq_eustachio,
          uniq_pikel
D:7:      layout_rooms, nicolae_tso_carved_into_rock,
          minmay_temple_entry_offerings
D:8:      cheibrodos_barr_body, layout_loops_ring,
          gammafunk_temple_overflow_wave
D:9:      layout_roguey, general_overflow_altar, due_lair_maze_entry_diamond,
          serial_ice, serial_ice_h, serial_ice_i, serial_ice_f, serial_ice_g
Temple:   dpeg_chambers_temple

Skill      XL: |  1  2  3  4  5  6  7  8  9 10 |
---------------+-------------------------------+-----
Ranged Weapons | 5 6 7 8 10 11 13 | 13.0
Armour         | 1 3 |  3.1
Fighting       | 3 4 5 8 9 |  9.0
Dodging        | 2 3 |  3.9
Stealth        | |  1.1

Action                     |  1- 3 |  4- 6 |  7- 9 | 10-12 || total
---------------------------+-------+-------+-------+-------++-------
   Fire: Shortbow          |    31 |       |       |       ||    31
         Longbow           |    44 |    76 |   181 |    74 ||   375
    Use: Scroll            |     6 |     2 |     9 |     3 ||    20
         Potion            |       |     1 |     2 |     1 ||     4
 Armour: Leather armour    |     8 |       |       |       ||     8
         Ring mail         |     3 |    33 |    85 |    63 ||   184
  Dodge: Dodged            |     9 |    20 |    75 |    42 ||   146

Table legend:
 A = Non-vault XP
 B = Vault XP
 C = Vault XP percentage of total XP
 D = Non-vault monster count
 E = Vault monster count
 F = Vault count percentage of total count
                 A         B        C        D         E       F
            +---------+---------+-------+---------+---------+-------
      Total |    4655 |    3367 |  42.0 |     147 |      24 |  14.0
            +---------+---------+-------+---------+---------+-------
        D:1 |      30 |       2 |   6.2 |      16 |       1 |   5.9
        D:2 |      36 |       0 |   0.0 |      17 |       0 |   0.0
        D:3 |      18 |       0 |   0.0 |      10 |       0 |   0.0
        D:4 |     299 |     299 |  50.0 |      29 |       3 |   9.4
        D:5 |     379 |       0 |   0.0 |      12 |       0 |   0.0
        D:6 |     738 |     825 |  52.8 |      23 |       2 |   8.0
        D:7 |    1085 |       0 |   0.0 |      21 |       0 |   0.0
        D:8 |    1054 |    1663 |  61.2 |      10 |      12 |  54.5
        D:9 |    1016 |     578 |  36.3 |       9 |       6 |  40.0
            +---------+---------+-------+---------+---------+-------
